 Dungeon Crawl Stone Soup version 0.22.0-5-gf09313c (webtiles) character file.

11366 Azzok the Geomancer (level 11, -6/64 HPs)
             Began as a Gargoyle Earth Elementalist on Aug 13, 2018.
             Was a Believer of Vehumet.
             Mangled by a jumping spider (8 damage)
             ... on level 2 of the Lair of Beasts.
             The game lasted 00:28:29 (15612 turns).

Azzok the Geomancer (Gargoyle Earth Elementalist)  Turns: 15612, Time: 00:28:30

Health: -6/64      AC: 17    Str: 17    XL:     11   Next: 76%
Magic:  5/19       EV: 12    Int: 18    God:    Vehumet [**....]
Gold:   508        SH:  0    Dex: 12    Spells: 10/21 levels left

rFire    + . .     SeeInvis .   A - +9 dagger "Rus Lui" {pierce, +Inv rElec Str+4}
rCold    + . .     Gourm    .   (no shield)
rNeg     + . .     Faith    .   f - +2 robe {rC+ rF+}
rPois    ∞         Spirit   .   j - +1 helmet
rElec    +         Reflect  .   (no cloak)
rCorr    .         Harm     .   h - +2 pair of gloves
MR       .....                  (no boots)
Stlth    ++........             D - amulet of regeneration
HPRegen  0.60/turn              q - +2 ring of dexterity
MPRegen  0.16/turn              (no ring)

@: no status effects
A: negative energy resistance 1, electricity resistance, unbreathing,
petrification resistance, rot immunity, AC +8
a: Renounce Religion, Evoke Invisibility


You were on level 2 of the Lair of Beasts.
You worshipped Vehumet.
Vehumet was pleased with you.
You were hungry.

You visited 3 branches of the dungeon, and saw 13 of its levels.

You collected 556 gold pieces.
You spent 48 gold pieces at shops.

Inventory:

Hand Weapons
 A - the +9 dagger "Rus Lui" (weapon) {pierce, +Inv rElec Str+4}
   (You found it on level 1 of the Lair of Beasts)

   It inflicts extra damage upon your enemies.
   It affects your strength (+4).
   It insulates you from electricity.
   It lets you turn invisible.
Missiles
 b - 4 stones (quivered)
Armour
 f - a +2 robe of resistance (worn)
 h - a +2 pair of gloves (worn)
 j - a +1 helmet (worn)
Jewellery
 q - a +2 ring of dexterity (left hand)
 s - an uncursed amulet of the acrobat
 w - an uncursed ring of resist corrosion
 z - an uncursed ring of fire
 D - an amulet of regeneration (around neck)
Wands
 e - a wand of flame (30)
 p - a wand of iceblast (12)
 t - a wand of polymorph (5)
Scrolls
 a - 4 scrolls of magic mapping
 g - 9 scrolls of teleportation
 k - a scroll of fear
 m - 4 scrolls of fog
 v - a scroll of amnesia
 x - a scroll of holy word {unknown}
 y - a scroll of remove curse
 C - a scroll of acquirement {unknown}
Potions
 c - 2 potions of agility
 i - 3 potions of lignification
 l - 4 potions of curing
 n - a potion of haste
 o - a potion of flight
 u - a potion of heal wounds {unknown}
 B - a potion of brilliance {unknown}
Comestibles
 d - 6 rations


   Skills:
 + Level 6.3 Fighting
 - Level 1.5 Dodging
 - Level 2.1 Stealth
 + Level 5.6 Spellcasting
 + Level 12.0 Conjurations
   Level 0.7 Transmutations
 + Level 14.1 Earth Magic


You had 10 spell levels left.
You knew the following spells:

 Your Spells              Type           Power        Failure   Level  Hunger
a - Sandblast             Erth           ######       1%          1    None
b - Stone Arrow           Conj/Erth      ######       1%          3    ##.....
c - Lee's Rapid Deconstr  Erth           ######....   1%          5    #####..
d - Blink                 Tloc           N/A          19%         2    None

Your spell library contained the following spells:

 Spells                   Type           Power        Failure   Level  Hunger
 Magic Dart               Conj           ####         1%          1    None
 Fireball                 Conj/Fire      ####......   28%         5    #####..
 Conjure Flame            Conj/Fire      ####....     3%          3    ##.....
 Slow                     Hex            #.......     19%         2    None
 Throw Flame              Conj/Fire      ####..       1%          2    None
 Mephitic Cloud           Conj/Pois/Air  ###.....     7%          3    ##.....
 Sticky Flame             Conj/Fire      ####....     11%         4    ####...
 Call Imp                 Summ           #.......     19%         2    None
 Flame Tongue             Conj/Fire      ####.        1%          1    None
 Passwall                 Tmut/Erth      ####....     1%          2    None
 Petrify                  Tmut/Erth      ####....     6%          4    ####...
 Inner Flame              Hex/Fire       #.......     36%         3    ##.....


Dungeon Overview and Level Annotations

Branches:
Dungeon (10/15)            Temple (1/1) D:5            Lair (2/6) D:10
 Spider (0/4) Lair:2
  Swamp: Lair:2-4    Shoals: Lair:2-4       Orc: D:9-12

Altars:
Ashenzari
Cheibriados
Dithmenos
Elyvilon
Fedhas
Gozag
Hepliaklqana
Kikubaaqudgha
Makhleb
Nemelex Xobeh
Okawaru
Qazlal
Ru
Sif Muna
Trog
Uskayaw
Vehumet
Wu Jian
Xom
Yredelemnul
Zin
The Shining One

Shops:
D:4 ?

Annotations:
D:7 exclusion: oklob plant
D:10 Snorg


Innate Abilities, Weirdness & Mutations

You are resistant to torment.
Your stone body is resilient. (AC +8)
You are immune to poison.
You resist negative energy. (rN+)
You are resistant to electric shocks. (rElec)
You can survive without breathing.
You are immune to petrification.
You are immune to rotting.


Message History

Press: ? - help, Shift-Dir - straight line, f - jumping spider
Aim: a jumping spider (severely wounded, clinging)
The blast of sand hits the jumping spider.
You kill the jumping spider!
Vehumet accepts your kill.
b - 5 stones
* * * LOW MAGIC WARNING * * *
The jumping spider pounces on you!
* * * LOW HITPOINT WARNING * * *
The jumping spider barely misses you.
Casting: Sandblast (safe; 1% risk of failure)
Confirm with . or Enter, or press ? or * to list all spells.
Aiming: Sandblast (safe; 1% risk of failure)
Press: ? - help, Shift-Dir - straight line, f - jumping spider
Aim: a jumping spider (clinging)
The blast of sand hits the jumping spider.
b - 4 stones
* * * LOW MAGIC WARNING * * *
The jumping spider pounces on you!
You die...

····▒······▒▒▒▒▒·▒
···········P·▒▒P·▒
·················▒
·················▒
·····▒·▒·········▒
·····▒▒▒·········▒▒
····▒·▒·····▒·P▒·P▒
···········▒▒▒▒▒·▒▒
P··········▒▒ ▒@▒
▒··········P▒ ▒s▒▒
·▒····÷··▒▒ ▒▒··▒
▒▒·······▒▒▒▒P·▒▒
▒▒▒^·············▒▒
▒··^··············▒
··§^▒▒▒··[·······▒▒
···▒▒·····▒▒▒···▒▒
··▒▒······▒ ▒▒▒P▒


You could see a jumping spider.

Vanquished Creatures
  Erolcha (D:9)
  Erica (Lair:2)
  Pikel (D:5)
  A wolf spider (Lair:2)
  2 black mambas (Lair:1)
  A spiny frog (Lair:1)
  2 komodo dragons
  A jumping spider (Lair:2)
  4 hippogriffs
  2 wyverns
  Menkaure (D:6)
  Edmund (D:5)
  6 water moccasins
  3 orc warriors
  4 porcupines
  4 phantoms
  2 ice beasts
  A sky beast (D:8)
  A slave (D:5)
  2 black bears
  4 wolves (Lair:2)
  5 ogres
  4 centaurs
  A big kobold (D:9)
  7 bullfrogs
  7 crocodiles (Lair:1)
  A scorpion (D:6)
  3 killer bees (D:8)
  4 howler monkeys
  7 wights
  A crimson imp (D:8)
  A bullfrog zombie (D:9)
  A jelly (D:7)
  A bullfrog skeleton (D:6)
  6 orc priests
  5 hounds
  10 orc wizards
  Jessica (D:3)
  4 hell rats (Lair:1)
  4 worker ants
  A killer bee zombie (D:9)
  2 hound skeletons
  A howler monkey zombie (D:10)
  4 gnolls (D:2)
  4 river rats (Lair:1)
  11 adders
  4 shadow imps
  An adder skeleton (D:4)
  2 dart slugs (D:3)
  4 worms
  4 leopard geckos
  36 orcs
  4 bats
  5 giant cockroaches
  7 hobgoblins
  8 jackals
  7 kobolds
  6 quokkas
  2 ball pythons
  5 frilled lizards
  3 goblins
  A jackal skeleton (D:7)
  9 rats
  A plant (D:10)
250 creatures vanquished.

Vanquished Creatures (others)
  An orc wizard (D:5)
  2 plants (D:10)
3 creatures vanquished.

Grand Total: 253 creatures vanquished

Notes
Turn   | Place    | Note
-------+----------+-------------------------------------------
     0 | D:1      | Azzok the Gargoyle Earth Elementalist began the quest for the Orb.
     0 | D:1      | Reached XP level 1. HP: 10/10 MP: 3/3
    68 | D:1      | Reached skill level 4 in Earth Magic
   259 | D:1      | Reached XP level 2. HP: 15/15 MP: 1/5
   737 | D:2      | Reached skill level 5 in Earth Magic
   737 | D:2      | Reached XP level 3. HP: 15/19 MP: 0/6
   992 | D:2      | Reached XP level 4. HP: 13/24 MP: 5/7
  1288 | D:2      | Reached skill level 6 in Earth Magic
  1460 | D:2      | Found a hazy altar of Hepliaklqana.
  1465 | D:2      | Learned a level 3 spell: Stone Arrow
  2089 | D:3      | Reached skill level 1 in Conjurations
  2268 | D:3      | Noticed Jessica
  2347 | D:3      | Killed Jessica
  2347 | D:3      | Reached XP level 5. HP: 28/28 MP: 4/8
  2956 | D:3      | Found a snail-covered altar of Cheibriados.
  2957 | D:3      | Found a stormy altar of Qazlal.
  2987 | D:3      | Found a glowing silver altar of Zin.
  3220 | D:3      | Found a faded altar of an unknown god.
  3642 | D:4      | Noticed an ogre
  3647 | D:4      | Killed an ogre
  3647 | D:4      | Reached skill level 7 in Earth Magic
  3647 | D:4      | Reached XP level 6. HP: 32/32 MP: 3/9
  4135 | D:4      | Found a hide-covered altar of Uskayaw.
  4135 | D:4      | Found a basalt altar of Yredelemnul.
  4136 | D:4      | Found a sacrificial altar of Ru.
  4307 | D:4      | Found Igawkoku's Magic Scroll Shop.
  4311 | D:4      | Bought a scroll of random uselessness for 12 gold pieces
  4311 | D:4      | Bought a scroll of remove curse for 36 gold pieces
  4561 | D:5      | Entered Level 5 of the Dungeon
  4561 | D:5      | Noticed Edmund
  4567 | D:5      | Killed Edmund
  4567 | D:5      | Reached XP level 7. HP: 22/36 MP: 0/10
  4687 | D:5      | Reached skill level 8 in Earth Magic
  4931 | D:5      | Reached skill level 5 in Conjurations
  5586 | D:5      | Reached XP level 8. HP: 41/41 MP: 4/11
  5589 | D:5      | Reached skill level 9 in Earth Magic
  5785 | D:5      | Found a staircase to the Ecumenical Temple.
  5790 | Temple   | Entered the Ecumenical Temple
  5851 | Temple   | Became a worshipper of Vehumet
  5991 | D:5      | Found a bloodstained altar of Trog.
  6907 | D:6      | Noticed Menkaure
  6971 | D:6      | Learned a level 5 spell: Lee's Rapid Deconstruction
  6977 | D:6      | Killed Menkaure
  6979 | D:6      | Reached skill level 10 in Earth Magic
  7387 | D:6      | Reached XP level 9. HP: 45/45 MP: 0/12
  7552 | D:6      | Noticed Pikel
  7561 | D:5      | Killed Pikel
  7561 | D:5      | Reached skill level 11 in Earth Magic
  7905 | D:6      | Got an ebony rapier
  7906 | D:6      | Identified the +11 rapier of Otrauth {antimagic, *Noise +Rage MR+++ Int-4} (You found it on level 6 of the Dungeon)
  7946 | D:7      | Reached * piety under Vehumet
  7946 | D:7      | Offered knowledge of Sting by Vehumet.
  8583 | D:7      | Found a sacrificial altar of Ru.
  8846 | D:7      | Found a sparkling altar of Nemelex Xobeh.
  8906 | D:7      | Found a blossoming altar of Fedhas.
  8927 | D:7      | Noticed an oklob plant
  9040 | D:8      | Reached skill level 12 in Earth Magic
  9245 | D:8      | Reached skill level 10 in Conjurations
  9288 | D:8      | Reached XP level 10. HP: 50/50 MP: 8/13
  9390 | D:8      | Found an iron altar of Okawaru.
  9621 | D:8      | Learned a level 2 spell: Blink
  9795 | D:8      | Found an opulent altar of Gozag.
 10167 | D:8      | Found a shadowy altar of Dithmenos.
 10441 | D:9      | Reached skill level 1 in Fighting
 10899 | D:9      | Offered knowledge of Throw Frost by Vehumet.
 11102 | D:9      | Reached ** piety under Vehumet
 11665 | D:9      | Noticed Erolcha
 11670 | D:9      | Killed Erolcha
 11670 | D:9      | Reached skill level 13 in Earth Magic
 11901 | D:10     | Entered Level 10 of the Dungeon
 11901 | D:10     | Noticed Snorg
 12691 | D:10     | Found a staircase to the Lair.
 13059 | Lair:1   | Entered Level 1 of the Lair of Beasts
 13063 | Lair:1   | Got a blackened dagger
 13064 | Lair:1   | Identified the +9 dagger "Rus Lui" {pierce, +Inv rElec Str+4} (You found it on level 1 of the Lair of Beasts)
 13212 | Lair:1   | Reached XP level 11. HP: 60/61 MP: 8/17
 13863 | Lair:1   | Reached skill level 5 in Fighting
 13891 | Lair:1   | Offered knowledge of Static Discharge by Vehumet.
 14522 | Lair:1   | Reached skill level 5 in Spellcasting
 14857 | Lair:2   | Noticed Erica
 15156 | Lair:2   | Killed Erica
 15214 | Lair:2   | Reached skill level 14 in Earth Magic
 15565 | Lair:2   | Got a twisted robe
 15566 | Lair:2   | Identified the +0 robe "Onlitus" {rElec Str-4 Int+2} (You found it on level 2 of the Lair of Beasts)
 15587 | Lair:2   | Found a hole to the Spider Nest.
 15587 | Lair:2   | Noticed a wolf spider
 15610 | Lair:2   | Killed a wolf spider
 15611 | Lair:2   | HP: 2/64 [jumping spider (13)]
 15612 | Lair:2   | Mangled by a jumping spider

Skill      XL: |  1  2  3  4  5  6  7  8  9 10 11 |
---------------+----------------------------------+-----
Earth Magic    | 4 5 6 7 8 10 12 13 14 | 14.1
Conjurations   | 1 3 4 5 8 10 11 12 | 12.0
Fighting       | 4 6 |  6.3
Spellcasting   | 4 5 |  5.6
Dodging        | |  1.5
Stealth        | |  2.1
Transmutations | |  0.7

Action                   |  1- 3 |  4- 6 |  7- 9 | 10-12 || total
-------------------------+-------+-------+-------+-------++-------
Melee: Halberd           |    11 |   329 |    67 |    39 ||   446
       Unarmed           |    10 |       |       |       ||    10
       Dagger            |       |       |       |    12 ||    12
 Cast: Sandblast         |    22 |    35 |    61 |    45 ||   163
       Stone Arrow       |       |    21 |    74 |   159 ||   254
       Lee's Rapid Decon |       |       |     4 |     5 ||     9
       Blink             |       |       |       |     1 ||     1
  Use: Scroll            |     6 |     7 |     5 |     4 ||    22
 Stab: Sleeping          |       |     2 |     1 |       ||     3
  Eat: Chunk             |       |    16 |    20 |    22 ||    58
       Ration            |       |       |     2 |     3 ||     5
Armor: Robe              |    15 |   225 |    74 |    76 ||   390
Dodge: Dodged            |    29 |   317 |   106 |   127 ||   579
